 Dungeon Crawl Stone Soup version 0.27-a0-1325-g58a489ad9e (webtiles) character file.

Game seed: 14833605938704686475

16 dinky3 the Sneak (level 2, 0/13 HPs)
             Began as a Spriggan Venom Mage on June 24, 2021.
             Shot with a stone by a goblin (5 damage)
             ... on level 2 of the Dungeon.
             The game lasted 00:03:01 (408 turns).

dinky3 the Sneak (Spriggan Venom Mage)               Turns: 408, Time: 00:03:01

Health: 0/13       AC:  2    Str:  4    XL:     2   Next: 37%
Magic:  1/7        EV: 17    Int: 22    God:
Gold:   21         SH:  0    Dex: 15    Spells: 4/7 levels left

rFire    . . .     SeeInvis +   b - +0 dagger
rCold    . . .     Faith    .   (shield restricted)
rNeg     . . .     Spirit   .   a - +0 robe
rPois    .         Reflect  .   (helmet restricted)
rElec    .         Harm     .   (no cloak)
rCorr    .         Rampage  .   (gloves unavailable)
Will     .....                  (boots unavailable)
Stlth    ++........             (no amulet)
HPRegen  0.04/turn              g - +6 ring of intelligence
MPRegen  0.10/turn              (no ring)

@: very quick
A: very small, no large weapons, unfitting armour, see invisible, speed 3
a: no special abilities


You were on level 2 of the Dungeon.
You visited 1 branch of the dungeon, and saw 2 of its levels.

You collected 21 gold pieces.

Inventory:

Hand Weapons
 b - a +0 dagger (weapon)
Missiles
 c - 16 poisoned darts (quivered)
Armour
 a - a +0 robe (worn)
Jewellery
 g - a +6 ring of intelligence (left hand)
Scrolls
 d - a scroll of noise {unknown}
 e - a scroll of immolation {unknown}
 f - a scroll of torment {unknown}


   Skills:
 - Level 2.6 Dodging
 + Level 3.7 Stealth
 + Level 3.1 Spellcasting
 - Level 1.3 Transmutations
 + Level 3.3 Poison Magic


You had 4 spell levels left.
You knew the following spells:

 Your Spells              Type           Power      Damage    Failure   Level
a - Sting                 Tmut/Pois      52%        1d5       4%          1
b - Poisonous Vapours     Pois/Air       20%        N/A       10%         2

Your spell library contained the following spells:

 Spells                   Type           Power      Damage    Failure   Level
 Ignite Poison            Fire/Tmut/Pois 10%        N/A       19%         3
 Mephitic Cloud           Conj/Pois/Air  8%         N/A       24%         3
 Olgreb's Toxic Radiance  Pois           17%        N/A       30%         4


Dungeon Overview and Level Annotations

Branches:
Dungeon (2/15)

Altars:


Innate Abilities, Weirdness & Mutations

You are very small and have problems with some larger weapons.
You are too small for most types of armour.
You have supernaturally acute eyesight. (SInv)
You cover ground extremely quickly. (Speed+++)


Message History

Confirm with . or Enter, or press ? or * to list all spells.
Aiming: Sting (safe; 4% risk of failure)
Press: ? - help, Shift-Dir - straight line, f - rat
Aim: a rat (71% to hit)
The sting hits the rat.
The rat is poisoned.
The rat is moderately wounded.
The rat misses you.
You kill the rat!
A goblin comes into view. It is wielding a +0 club.
The goblin unwields a +0 club.
The goblin wields a +0 hunting sling.
The goblin shoots a stone.
The stone completely misses you.
The goblin shoots a stone.
The stone barely misses you.
Casting: Sting (safe; 4% risk of failure)
Confirm with . or Enter, or press ? or * to list all spells.
You can't see any susceptible monsters within range! (Use Z to cast anyway.) Unknown command.
The goblin shoots a stone.
The stone completely misses you.
Casting: Sting (safe; 4% risk of failure)
Confirm with . or Enter, or press ? or * to list all spells.
Aiming: Sting (safe; 4% risk of failure)
Press: ? - help, Shift-Dir - straight line, f - goblin
Aim: a goblin, wielding a +0 hunting sling and quivering stones (64% to hit)
The sting misses the goblin.
The goblin shoots a stone.
The stone barely misses you.
The goblin shoots a stone.
The stone completely misses you.
The goblin shoots a stone.
The stone closely misses you.
You open the gate.
The goblin shoots a stone.
The stone barely misses you.
An endoplasm comes into view.
There is an open gate here.
The endoplasm closely misses you.
The goblin shoots a stone.
The stone hits you but does no damage.
The goblin shoots a stone.
The stone hits you.
There is an open gate here.
Throw: 17 darts (poison)
Press: ? - help, Q - select action, (/) - cycle Shift-Dir - straight line, f/p - goblin
Aim: a goblin, wielding a +0 hunting sling and quivering stones (50% to hit)
You throw a poisoned dart. The poisoned dart hits the goblin.
The goblin is poisoned.
The goblin shoots a stone.
The stone hits you.
You die...

#.# ♣.♣ #.# ♣.♣ #.#
♣.♣ #.# ♣.♣ #.# ♣.♣
#J# #♣.♣# #.###
##...##
#.'.♣♣♣♣♣♣.....♣♣♣♣♣
#.'@..g.....≈.......
#.'.♣♣♣♣♣♣.....♣♣♣♣♣
##### ##...## #♣.♣#
♣.♣ ♣.♣ ♣.♣ . ♣. ##


You could see an endoplasm and a goblin (poisoned).

Vanquished Creatures
  3 bats
  2 endoplasms (D:2)
  A goblin (D:1)
  A jackal (D:1)
  A quokka (D:2)
  3 kobolds
  3 rats
14 creatures vanquished.

Notes
Turn   | Place    | Note
-------+----------+-------------------------------------------
     0 | D:1      | dinky3 the Spriggan Venom Mage began the quest for the Orb.
     0 | D:1      | Reached XP level 1. HP: 9/9 MP: 5/5
   136 | D:2      | Reached XP level 2. HP: 3/13 MP: 1/7
   161 | D:2      | Learned a level 2 spell: Poisonous Vapours
   408 | D:2      | Shot with a stone by a goblin

Illustrated notes

Levels and vault maps discovered:
D:1:      ldierk_walled_garden, layout_rooms
D:2:      layout_rooms, kennysheep_cross_bottleneck, grunt_decor_junction

Skill      XL: |  1 |
---------------+----+-----
Spellcasting   | 3 |  3.1
Dodging        | |  2.6
Stealth        | |  3.7
Transmutations | |  1.3
Poison Magic   | |  3.3

Action                   || total
-------------------------++-------
Melee: Unarmed           ||     2
       Dagger            ||     4
Throw: Dart              ||     9
 Cast: Sting             ||    20
       Poisonous Vapours ||     2
  Use: Potion            ||     1
 Stab: Sleeping          ||     1
Armor: Robe              ||     6
Dodge: Dodged            ||    31

Table legend: (Time is in decaauts)
 A = Elapsed time spent in this place.
 B = Non-inter-level travel time spent in this place.
 C = Inter-level travel time spent in this place.
 D = Time resting spent in this place.
 E = Time spent auto-exploring this place.
 F = Levels seen in this place.
 G = Mean time per level.
                   A        B        C        D        E       F      G
               +--------+--------+--------+--------+--------+-----+--------+
         Total |    280 |    280 |      0 |      0 |      0 |   2 |  140.0 |
       Dungeon |    280 |    280 |      0 |      0 |      0 |   2 |  140.0 |
               +--------+--------+--------+--------+--------+-----+--------+

Top non-repeatable levels by time:
     D:2: 209 daAuts
     D:1: 71 daAuts
